 Dungeon Crawl Stone Soup version 0.25.1-2-g60ff931df9 (webtiles) character file.

Game seed: 5308194835542706680

356 DerDa the Conjurer (level 6, 0/32 HPs)
             Began as a Kobold Conjurer on Oct 8, 2020.
             Was an Initiate of Sif Muna.
             Slain by a centaur zombie (6 damage)
             ... in an ossuary.
             The game lasted 00:10:06 (4435 turns).

DerDa the Conjurer (Kobold Conjurer)                Turns: 4435, Time: 00:10:07

Health: 0/32       AC:  4    Str:  5    XL:     6   Next: 96%
Magic:  6/12       EV: 15    Int: 19    God:    Sif Muna [......]
Gold:   156        SH:  0    Dex: 15    Spells: 3/13 levels left

rFire    . . .     SeeInvis .   e - +2 short sword (elec)
rCold    . . .     Gourm    .   (shield restricted)
rNeg     . . .     Faith    .   a - +0 robe
rPois    .         Spirit   .   j - +0 helmet
rElec    .         Reflect  .   (no cloak)
rCorr    .         Harm     .   (no gloves)
MR       .....                  s - +0 pair of boots
Stlth    ++........             (no amulet)
HPRegen  0.10/turn              (no ring)
MPRegen  0.13/turn              (no ring)

@: marked
A: small, carnivore
a: Renounce Religion


You were in an ossuary.
You worshipped Sif Muna.
Sif Muna was noncommittal.
You were very full.

You visited 2 branches of the dungeon, and saw 6 of its levels.
You also visited: Ossuary.

You collected 156 gold pieces.

Inventory:

Hand Weapons
 e - a +2 short sword of electrocution (weapon)
 r - a +0 hand axe of freezing
Missiles
 d - 91 stones
 u - 19 poisoned darts (quivered)
Armour
 a - a +0 robe (worn)
 j - a +0 helmet (worn)
 s - a +0 pair of boots (worn)
Wands
 x - a wand of digging (7)
Scrolls
 f - a scroll of amnesia {unknown}
 h - 5 scrolls of identify {unknown}
 k - a scroll of remove curse {unknown}
 m - 2 scrolls of fog {unknown}
 n - a scroll of immolation {unknown}
 v - a scroll of enchant armour {unknown}
 w - a scroll of teleportation {unknown}
Potions
 b - a potion of invisibility {unknown}
 g - a potion of degeneration {unknown}
 i - a potion of flight {unknown}
 l - 3 potions of brilliance {unknown}
 o - a potion of mutation {unknown}
 p - a potion of stabbing {unknown}
 q - 3 potions of lignification {unknown}
Comestibles
 c - 7 rations
 t - 5 chunks of flesh


   Skills:
 + Level 0.0 Fighting
 + Level 2.4 Dodging
 - Level 2.7 Stealth
 * Level 4.4 Spellcasting
 * Level 6.1 Conjurations
 + Level 2.3 Hexes
 + Level 0.1 Invocations
 + Level 0.0 Evocations


You had 3 spell levels left.
You knew the following spells:

 Your Spells              Type           Power        Failure   Level  Hunger
a - Magic Dart            Conj           ####         1%          1    None
b - Searing Ray           Conj           ####..       1%          2    #......
c - Dazzling Flash        Conj/Hex       ###...       7%          3    ###....
d - Fulminant Prism       Conj/Hex       ###.......   24%         4    ####...

Your spell library contained the following spells:

 Spells                   Type           Power        Failure   Level  Hunger
 Iskenderun's Mystic Bla  Conj/Tloc      ###.....     36%         4    ####...


Dungeon Overview and Level Annotations

Branches:
Dungeon (5/15)             Temple (1/1) D:4         Ossuary (1/1)

Altars:
Ashenzari
Dithmenos
Fedhas
Gozag
Makhleb
Okawaru
Qazlal
Sif Muna
Trog
Uskayaw
Lugonu

Annotations:
D:5 Pikel


Innate Abilities, Weirdness & Mutations

You are small and have problems with some larger weapons.
You are carnivorous and can eat meat at any time.


Message History

The centaur zombie fails to trigger a net trap. x2
You barely miss the big kobold zombie.
The big kobold zombie closely misses you.
You hit the big kobold zombie.
Lightning courses through the big kobold zombie!!
The big kobold zombie is heavily damaged.
The centaur zombie misses you. x2
The big kobold zombie hits you but does no damage.
You hit the big kobold zombie but do no damage.
The big kobold zombie is heavily damaged.
The centaur zombie hits you. The centaur zombie misses you.
The centaur zombie barely misses you. The centaur zombie hits you.
* * * LOW HITPOINT WARNING * * *
The big kobold zombie misses you.
The big kobold zombie sets off the alarm!
The alarm trap emits a blaring wail!
A sentinel's mark forms upon you. The centaur zombie misses you.
The centaur zombie hits you.
You die...

#####
##...##
#.....#
#.....#
#.....#
#MM...#
#.M∩..#
#.....#
#..@..#
#ZZ...#
#.Z..^#
#Z..^.#
....^..#
##.^...##
..^.^..#
##Z..^^##
....^..


You could see 3 mummies, 3 big kobold zombies and 2 centaur zombies.

Vanquished Creatures
  2 slaves (D:5)
  A howler monkey (D:4)
  A hound (D:4)
  2 orc priests
  An orc wizard (D:3)
  3 gnolls (D:4)
  7 adders
  2 oozes
  3 worms
  3 dart slugs
  2 leopard geckos
  13 orcs
  3 bats
  2 giant cockroaches
  3 goblins
  2 hobgoblins
  7 jackals
  A quokka (D:2)
  A frilled lizard (D:1)
  A jackal zombie (D:2)
  13 kobolds
  10 rats
83 creatures vanquished.

Notes
Turn   | Place    | Note
-------+----------+-------------------------------------------
     0 | D:1      | DerDa the Kobold Conjurer began the quest for the Orb.
     0 | D:1      | Reached XP level 1. HP: 10/10 MP: 3/3
   321 | D:1      | Reached XP level 2. HP: 15/15 MP: 0/5
  1041 | D:2      | Reached XP level 3. HP: 19/19 MP: 4/6
  1045 | D:2      | Learned a level 2 spell: Searing Ray
  1049 | D:2      | Learned a level 3 spell: Dazzling Flash
  1478 | D:2      | Reached XP level 4. HP: 24/24 MP: 1/8
  1563 | D:2      | Reached skill level 5 in Conjurations
  2109 | D:3      | Reached skill level 1 in Hexes
  2294 | D:3      | Reached XP level 5. HP: 28/28 MP: 1/9
  2721 | D:3      | Noticed a moth of wrath
  2724 | D:3      | Found a bloodstained altar of Trog.
  2736 | D:3      | Learned a level 4 spell: Fulminant Prism
  3194 | D:4      | Reached XP level 6. HP: 27/32 MP: 3/11
  3552 | D:4      | Reached skill level 6 in Conjurations
  3930 | D:4      | Found a staircase to the Ecumenical Temple.
  4062 | Temple   | Entered the Ecumenical Temple
  4078 | Temple   | Became a worshipper of Sif Muna the Loreminder
  4147 | D:5      | Entered Level 5 of the Dungeon
  4372 | D:5      | Noticed a slave
  4372 | D:5      | Noticed a slave
  4372 | D:5      | Noticed a slave
  4372 | D:5      | Noticed Pikel
  4384 | D:5      | Killed a slave
  4384 | D:5      | Noticed a slave
  4386 | D:5      | Killed a slave
  4423 | D:5      | Found a sand-covered staircase.
  4427 | Ossuary  | Entered an ossuary
  4435 | Ossuary  | Slain by a centaur zombie

Illustrated notes

Levels and vault maps discovered:
D:1:      ncdulo_lavacross, layout_loops_ring
D:2:      layout_basic, grunt_ministairs_9
D:3:      layout_loops_ring, tgw_trog, first_ration
D:4:      layout_basic, minmay_temple_entry_proselytizer
D:5:      layout_loops_corners, grunt_temple_overflow_open, old_standard_altar,
          enter_ossuary_5, basic_altar, uniq_pikel
Temple:   corrupted_temple
Ossuary:  ossuary_the_hunt_dpeg

Skill      XL: |  1  2  3  4  5  6 |
---------------+-------------------+-----
Conjurations   | 5 6 |  6.1
Spellcasting   | 3 4 |  4.4
Hexes          | 1 2 |  2.3
Dodging        | |  2.4
Stealth        | |  2.7
Invocations    | |  0.1

Action                   |  1- 3 |  4- 6 || total
-------------------------+-------+-------++-------
Melee: Short sword       |     8 |    28 ||    36
 Cast: Magic Dart        |    59 |   119 ||   178
       Searing Ray       |       |     5 ||     5
       Dazzling Flash    |       |     1 ||     1
  Eat: Chunk             |     8 |    11 ||    19
Armor: Robe              |     1 |     6 ||     7
Dodge: Dodged            |    11 |    39 ||    50
